 Dungeon Crawl Stone Soup version 0.27-a0-931-g5a74e75d8f (webtiles) character file.

Game seed: 3522939410201075781

12 Alarkh the Insei (level 2, 14/22 HPs)
             Began as a Demonspawn Gladiator on Apr 10, 2021.
             Got out of the dungeon alive.
             The game lasted 00:00:34 (366 turns).

Alarkh the Insei (Demonspawn Gladiator)              Turns: 366, Time: 00:00:34

Health: 14/22      AC:  3    Str: 14    XL:     2   Next: 20%
Magic:  2/2        EV: 12    Int:  9    God:
Gold:   41         SH:  0    Dex: 14    Spells: 1/1 levels left

rFire    . . .     SeeInvis .     - Unarmed
rCold    . . .     Faith    .   (no shield)
rNeg     . . .     Spirit   .   a - +0 leather armour
rPois    .         Reflect  .   (helmet restricted)
rElec    .         Harm     .   (no cloak)
rCorr    .         Rampage  .   (no gloves)
Will     .....                  (no boots)
Stlth    +.........             (no amulet)
HPRegen  0.07/turn              (no ring)
MPRegen  0.08/turn              (no ring)

@: no status effects
A: horns 1
a: no special abilities


You escaped.
You visited 1 branch of the dungeon, and saw 1 of its levels.

You collected 41 gold pieces.

Inventory:

Missiles
 c - 3 throwing nets (quivered)
Armour
 a - a +0 leather armour (worn)
 b - a +0 helmet
Jewellery
 g - an amulet of guardian spirit
Scrolls
 d - 3 scrolls of enchant armour {unknown}
 f - a scroll of identify {unknown}
Potions
 e - a potion of cancellation {unknown}


   Skills:
 + Level 2.3 Fighting
 - Level 1.7 Throwing
 - Level 2.6 Dodging
 * Level 3.2 Unarmed Combat


You had one spell level left.
You didn't know any spells.
Your spell library was empty.

Dungeon Overview and Level Annotations

Branches:
Dungeon (1/15)

Altars:

Shops:
D:1 [


Innate Abilities, Weirdness & Mutations

You have a pair of small horns on your head.


Message History

You kill the kobold!
No target in view!
No target in view!
No target in view!
No target in view!
No target in view!
No target in view!
No target in view!
No target in view!
No target in view!
No target in view!
No target in view!
No target in view!
No target in view!
A kobold comes into view. It is wielding a +0 short sword.
A kobold is nearby!
You see here a ball python corpse.
You see here an amulet of guardian spirit.
g - an amulet of guardian spirit The kobold hits you with a +0 short sword.
You are too injured to fight recklessly!
You are too injured to fight recklessly!
You are too injured to fight recklessly!
You are too injured to fight recklessly!
You are too injured to fight recklessly!
You are too injured to fight recklessly!
You are too injured to fight recklessly!
You hit the kobold.
You kill the kobold!
Things that are here:
a +0 short sword; a stone Unknown command.
There is a stone staircase leading down here.
There is a stone staircase leading down here.
You see here 15 stones.
You see here a +0 club.
You see here 9 stones.
There is a staircase leading out of the dungeon here.
Are you sure you want to leave the Dungeon?
This will make you lose the game!
You have escaped!

♣P≈≈♣♣≈≈≈♣♣P≈P♣#...#.
♣♣≈≈≈♣♣≈≈≈♣♣≈≈≈♣#.#.##
♣P.^.♣♣.^..♣.^.♣#.#.##
♣P...♣♣P.PP♣...♣#.#...
♣♣♣♣♣♣♣.♣♣♣♣.♣♣♣♣.♣♣#.#.##
♣♣P≈.P♣.......P♣♣..♣ #.#.##
♣8≈≈^..........♣♣..###.....
♣♣≈≈.P♣.....[.P............
♣♣♣♣♣♣...@.......(....####
♣.......PP.P.....#
≈^..........♣♣..###.#
≈.P♣........♣♣..♣ #.#
♣♣♣♣♣.♣♣♣♣.♣♣♣♣.♣ #.# P..P
...P P.. #.# ♣..^. ♣.^..
.^.♣#.# ♣♣≈≈ ♣≈≈≈♣♣≈≈≈♣#.#
#.#


There were no monsters in sight!

Vanquished Creatures
  A bat (D:1)
  An endoplasm (D:1)
  A goblin (D:1)
  3 hobgoblins (D:1)
  A ball python (D:1)
  A frilled lizard (D:1)
  2 kobolds (D:1)
  2 rats (D:1)
12 creatures vanquished.

Notes
Turn   | Place    | Note
-------+----------+-------------------------------------------
     0 | D:1      | Alarkh the Demonspawn Gladiator began the quest for the
                  | Orb.
     0 | D:1      | Reached XP level 1. HP: 16/16 MP: 1/1
   225 | D:1      | Reached skill level 3 in Unarmed Combat
   226 | D:1      | Found Kiforhoo's Armour Emporium.
   294 | D:1      | Gained mutation: You have a pair of small horns on your
                  | head. [demonic ancestry]
   294 | D:1      | Reached XP level 2. HP: 20/22 MP: 2/2
   366 | D:$      | Got out of the dungeon alive.

Illustrated notes

Levels and vault maps discovered:
D:1:      psy_arrival_wood_between_worlds, layout_basic, serial_shops, shop

Skill      XL: |  1 |
---------------+----+-----
Unarmed Combat | 3 |  3.2
Fighting       | |  2.3
Throwing       | |  1.7
Dodging        | |  2.6

Action                   || total
-------------------------++-------
Melee: Unarmed           ||    25
       Headbutt          ||     1
Armor: Leather armour    ||     2
Dodge: Dodged            ||    12

Table legend: (Time is in decaauts)
 A = Elapsed time spent in this place.
 B = Non-inter-level travel time spent in this place.
 C = Inter-level travel time spent in this place.
 D = Time resting spent in this place.
 E = Time spent auto-exploring this place.
 F = Levels seen in this place.
 G = Mean time per level.
                   A        B        C        D        E       F      G
               +--------+--------+--------+--------+--------+-----+--------+
         Total |    364 |    308 |     56 |      0 |    246 |   1 |  364.0 |
       Dungeon |    364 |    308 |     56 |      0 |    246 |   1 |  364.0 |
               +--------+--------+--------+--------+--------+-----+--------+

Top non-repeatable levels by time:
     D:1: 364 daAuts
